 Seeded DCSS version 0.28-a0-861-ge64d6db94f (webtiles) character file.

Game seed: 20211113 (custom seed)

38 a11behringer the Covered (level 3, -2/34 HPs)
             Began as a Gargoyle Fighter on Nov 16, 2021.
             Slain by an orc (7 damage)
             ... on level 3 of the Dungeon.
             The game lasted 00:04:50 (2558 turns).

a11behringer the Covered (Gargoyle Fighter)         Turns: 2558, Time: 00:04:51

Health: -2/34      AC: 11    Str: 20    XL:     3   Next: 43%
Magic:  3/3        EV:  9    Int:  8    God:
Gold:   52         SH:  4    Dex:  9    Spells: 2/2 levels left

rFire   . . .      SeeInvis .   a - +0 flail
rCold   . . .      Faith    .   c - +0 buckler
rNeg    + . .      Spirit   .   b - +0 scale mail
rPois   ∞          Reflect  .   (no helmet)
rElec   +          Harm     .   (no cloak)
rCorr   .          Rampage  .   (no gloves)
Will    .....                   e - +0 pair of boots
Stlth   ..........              (no amulet)
HPRegen 0.11/turn               (no ring)
MPRegen 0.08/turn               (no ring)

@: berserking, very quick
A: sickness immunity, AC +3, negative energy resistance 1, electricity
resistance, torment resistance 1, petrification resistance
a: no special abilities


You were on level 3 of the Dungeon.
You visited 1 branch of the dungeon, and saw 3 of its levels.

You collected 52 gold pieces.

Inventory:

Hand Weapons
 a - a +0 flail (weapon)
Armour
 b - a +0 scale mail (worn)
 c - a +0 buckler (worn)
 e - a +0 pair of boots (worn)
 h - a +0 tower shield
Scrolls
 g - a scroll of teleportation
 j - a scroll of immolation {unknown}
 l - a scroll of silence {unknown}
Potions
 d - a potion of might
 i - 2 potions of curing
 k - a potion of degeneration


   Skills:
 + Level 3.5 Fighting
 * Level 3.1 Maces & Flails
 + Level 3.5 Armour
 + Level 3.5 Shields


You had 2 spell levels left.
You didn't know any spells.
Your spell library contained the following spells:

 Spells                   Type           Power      Damage    Failure   Level
 Blink                    Tloc           0%         N/A       89%         2
 Passwall                 Tmut/Erth      0%         N/A       89%         2
 Scorch                   Fire           0%         2d5       89%         2
 Swiftness                Air            0%         N/A       98%         3
 Flame Wave               Conj/Fire      0%         3d3       100%        4
 Manifold Assault         Tloc           0%         N/A       100%        5
 Summon Cactus Giant      Summ           0%         N/A       100%        6
 Storm Form               Tmut/Air       0%         N/A       100%        7


Dungeon Overview and Level Annotations

Branches:
Dungeon (3/15)

Altars:


Innate Abilities, Weirdness & Mutations

You are immune to sickness and miasma.
Your stone body is resilient. (AC +3)
You are immune to poison.
You resist negative energy. (rN+)
You are resistant to electric shocks. (rElec)
You are resistant to unholy torment.
You are immune to petrification.


Message History

You hit the bush.
The bush is moderately damaged.
Done exploring.
Done exploring.
There is a stone staircase leading down here.
You climb downwards.
The orc shouts!
The orc wizard shouts!
The orc shouts!
Found a scroll of identify.
Found an escape hatch in the floor.
There is a stone staircase leading up here.
The orc hits you but does no damage.
You closely miss the orc. You block the orc's attack.
You barely miss the orc.
The orc wizard mumbles some strange words.
The orc wizard flickers and vanishes!
Deactivating autopickup; reactivate with Ctrl-A.
You hit the orc but do no damage. The orc hits you with a +0 falchion.
The orc barely misses you.
You barely miss the orc. You block the orc's attack.
The orc hits you but does no damage. Something hits you but does no damage.
The orc hits you but does no damage. x2
You barely miss the orc. Something hits you but does no damage.
The orc barely misses you. x2; Something hits you but does no damage.
You hit the orc but do no damage. The orc hits you but does no damage.
The orc hits you with a +0 vorpal flail.
Something hits you but does no damage.
You hit the orc but do no damage. The orc hits you but does no damage.
You block the orc's attack. Something hits you.
The orc hits you with a +0 falchion. You block the orc's attack.
You hit the orc.
The orc is moderately wounded.
Something hits you but does no damage. The orc hits you with a +0 falchion.
* * * LOW HITPOINT WARNING * * *
The orc hits you with a +0 vorpal flail.
* * * LOW HITPOINT WARNING * * *
x2 You block something's attack.
It was a potion of berserk rage.
A red film seems to cover your vision as you go berserk!
You feel yourself moving faster!
You feel mighty! The orc hits you with a +0 falchion!
You die...

###########
#.........#
#.........#
#.........#
#........>#
#.<.......#
#.........##
###o@.......
#{o.......
...........
.........?...
...............
...............
.......####+###
.......


You could see 2 orcs.

Vanquished Creatures
  2 dart slugs
  4 endoplasms
  A giant cockroach (D:2)
  5 goblins
  3 hobgoblins
  4 jackals (D:1)
  4 kobolds (D:1)
  A quokka (D:2)
  2 ball pythons
  A bat (D:2)
  A frilled lizard (D:2)
  A rat (D:2)
29 creatures vanquished.

Vanquished Creatures (others)
  A plant (D:2)
1 creature vanquished.

Grand Total: 30 creatures vanquished

Notes
Turn   | Place    | Note
-------+----------+-------------------------------------------
     0 | D:1      | a11behringer the Gargoyle Fighter began the quest for the
                  | Orb.
     0 | D:1      | Reached XP level 1. HP: 14/14 MP: 1/1
   381 | D:1      | Reached XP level 2. HP: 19/19 MP: 2/2
  1463 | D:2      | Reached XP level 3. HP: 18/23 MP: 3/3
  2558 | D:3      | Slain by an orc

Illustrated notes

Levels and vault maps discovered:
D:1:      minmay_arrival_four_loops, layout_loops_ring
D:2:      layout_loops_ring, serial_forest, infiniplex_forest_clump_medium,
          infiniplex_forest_straight_1, infiniplex_forest_straight_2,
          infiniplex_forest_split
D:3:      layout_basic, mainiacjoe_overflow_boulevard, serial_shops,
          nicolae_shop_overgrown_old_shop, minmay_surrounded, uniq_jessica,
          uniq_terence

Skill      XL: |  1  2  3 |
---------------+----------+-----
Maces & Flails | 3 |  3.1
Fighting       | |  3.5
Armour         | |  3.5
Shields        | |  3.5

Action                   || total
-------------------------++-------
Melee: Flail             ||   151
  Use: Scroll            ||     3
       Potion            ||     1
Armor: Scale mail        ||    93
Dodge: Dodged            ||    51
Block: Buckler           ||    37

Table legend: (Time is in decaauts)
 A = Elapsed time spent in this place.
 B = Non-inter-level travel time spent in this place.
 C = Inter-level travel time spent in this place.
 D = Time resting spent in this place.
 E = Time spent auto-exploring this place.
 F = Levels seen in this place.
 G = Mean time per level.
                   A        B        C        D        E       F      G
               +--------+--------+--------+--------+--------+-----+--------+
         Total |   2600 |   2413 |    187 |      0 |   2087 |   3 |  866.7 |
       Dungeon |   2600 |   2413 |    187 |      0 |   2087 |   3 |  866.7 |
               +--------+--------+--------+--------+--------+-----+--------+

Top non-repeatable levels by time:
     D:2: 1350 daAuts
     D:1: 1236 daAuts
     D:3: 12 daAuts
